 Dungeon Crawl Stone Soup version 0.28.0-47-ge53b351184 (webtiles) character file.

Game seed: 290758952269156142

39 enile the Ducker (level 3, -1/17 HPs)
             Began as a Felid Transmuter on May 2, 2022.
             Was an Initiate of Ashenzari.
             Slain by a worm (12 damage)
             ... on level 2 of the Dungeon.
             The game lasted 00:01:46 (1629 turns).

enile the Ducker (Felid Transmuter)                 Turns: 1629, Time: 00:01:47

Health: -1/17      AC:  1    Str:  6    XL:     3   Next: 28%
Magic:  7/7        EV: 18    Int: 14    God:    Ashenzari [......]
Gold:   17         SH:  0    Dex: 18    Spells: 5/6 levels left
                                        Lives:  0   Deaths: 0

rFire   . . .      SeeInvis +     - Unarmed
rCold   . . .      Faith    .   (shield unavailable)
rNeg    . . .      Spirit   .   (armour unavailable)
rPois   .          Reflect  .   (helmet unavailable)
rElec   .          Harm     .   (cloak unavailable)
rCorr   .          Rampage  .   (gloves unavailable)
Will    .....                   (boots unavailable)
Stlth   ++........              (no amulet)
HPRegen 0.05/turn               (no ring)
MPRegen 0.10/turn               (no ring)

@: quick
A: very small, claws 1, fangs 3, see invisible, speed 1, shaggy fur 1, stealthy
paws, no weapons or thrown items, no armour, multi-lived
a: Renounce Religion, Curse Item


You were on level 2 of the Dungeon.
You worshipped Ashenzari.
Ashenzari was noncommittal.
You visited 1 branch of the dungeon, and saw 2 of its levels.

You collected 68 gold pieces.
You spent 51 gold pieces at shops.

Inventory:

Scrolls
 b - 2 scrolls of fog
 c - 2 scrolls of identify {unknown}
 e - a scroll of noise {unknown}
 f - a scroll of acquirement {unknown}
Potions
 a - 2 potions of heal wounds {unknown}
 d - 2 potions of attraction {unknown}
 g - a potion of mutation {unknown}


   Skills:
 - Level 3.0 Fighting
 + Level 3.2 Dodging
 - Level 3.0 Unarmed Combat
 - Level 2.0 Spellcasting
 - Level 2.1 Transmutations


You had 5 spell levels left.
You knew the following spells:

 Your Spells              Type           Power      Damage    Failure   Level
a - Beastly Appendage     Tmut           14%        N/A       10%         1

Your spell library contained the following spells:

 Spells                   Type           Power      Damage    Failure   Level
 Wereblood                Tmut           7%         N/A       14%         2
 Magic Dart               Conj           4%         1d3       24%         1
 Searing Ray              Conj           2%         2d4       34%         2
 Spider Form              Tmut/Pois      4%         N/A       41%         3
 Ice Form                 Ice/Tmut       4%         N/A       83%         4
 Fulminant Prism          Conj/Hex       0%         3d6       93%         4


Dungeon Overview and Level Annotations

Branches:
Dungeon (2/15)

Altars:
Ashenzari

Shops:
D:2 [*


Innate Abilities, Weirdness & Mutations

You have sharp claws.
You have razor-sharp teeth.
You have supernaturally acute eyesight. (SInv)
You cover ground quickly. (Speed+)
You are covered in fur. (AC +1)
Your paws help you pounce on unaware monsters.
You are incapable of wielding weapons or throwing items.
You cannot wear armour.
You gain extra lives every three experience levels.


Message History

The kobold barely misses you.
You scratch the kobold. Your bite misses the kobold.
The kobold is heavily wounded.
Your transformation is almost over.
The kobold hits you with a +0 club.
You barely miss the kobold.
The kobold is heavily wounded.
The kobold barely misses you.
You closely miss the kobold.
The kobold is heavily wounded.
The kobold misses you.
You closely miss the kobold.
The kobold is heavily wounded.
The kobold closely misses you.
You scratch the kobold.
You kill the kobold!
A worm comes into view.
You scratch the giant cockroach but do no damage.
The giant cockroach bites you but does no damage.
You barely miss the giant cockroach. The giant cockroach barely misses you.
You scratch the giant cockroach.
The giant cockroach is almost dead.
The giant cockroach misses you.
You scratch the giant cockroach.
You kill the giant cockroach!
You see here a +0 club.
Your horns disappear.
The worm bites you.
You scratch the worm.
The worm is moderately wounded.
You barely miss the worm. You bite the worm.
The worm is heavily wounded.
The worm bites you.
You scratch the worm.
The worm is heavily wounded.
You barely miss the worm.
The worm is heavily wounded.
The worm bites you!
Ouch! That really hurt!
You die...

#...#.############.
###.#.# #.......#.
......# #.##.....
##...## #.##.#..# #...#
#.##.#..# #...#
#.##.#..# ## ##>..#
#.##.#..###....
.....#####...)).........
#..........##.#.@###..
.................w......
........<..###...#.#....
##...#####.##........ ..
#...# #.............
#...# ####..#.#..###
#...# #....#..# #...#
#.####..# ##...#


You could see a worm.

Vanquished Creatures
  An adder (D:2)
  3 bats
  4 endoplasms
  3 giant cockroaches
  2 goblins (D:2)
  5 hobgoblins
  4 kobolds
  3 frilled lizards
  2 rats (D:1)
27 creatures vanquished.

Notes
Turn   | Place    | Note
-------+----------+-------------------------------------------
     0 | D:1      | enile the Felid Transmuter began the quest for the Orb.
     0 | D:1      | Reached XP level 1. HP: 9/9 MP: 4/4
   410 | D:1      | Reached XP level 2. HP: 13/13 MP: 4/6
   453 | D:1      | Found a faded altar of an unknown god.
   464 | D:1      | Prayed at the altar of an unknown god.
   464 | D:1      | Became a worshipper of Ashenzari the Shackled
  1232 | D:2      | Found Heblo's Magic Scroll Shop.
  1267 | D:2      | Found Duuw's Assorted Antiques.
  1273 | D:2      | Bought a sedimented coppery potion for 24 gold pieces
  1273 | D:2      | Bought a scroll labelled NOLAKKU FOMEO for 27 gold pieces
  1398 | D:2      | Found Peum's Armour Shoppe.
  1406 | D:2      | Reached XP level 3. HP: 10/17 MP: 5/7
  1629 | D:2      | Slain by a worm

Illustrated notes

Levels and vault maps discovered:
D:1:      dpeg_arrival_simpleton_b, layout_rooms, serial_aquarium,
          aquarium_bridge_straight [aquarium_subvault_bridge,
          aquarium_subvault_balcony, aquarium_subvault_bridge,
          aquarium_subvault_wall], aquarium_bridge_straight
          [aquarium_subvault_bridge, aquarium_subvault_window,
          aquarium_subvault_bridge, aquarium_subvault_window],
          aquarium_window_2, aquarium_window_corridor_3, aquarium_window_1,
          aquarium_view_2c, aquarium_view_2b,
          shapermc_ecumenical_altar_notcrosses
D:2:      layout_loops_cross, serial_shops, nicolae_shop_overgrown_old_shop,
          nicolae_shop_competitors_out_of_business, nicolae_shop_hallway_plus,
          nicolae_shop_stone

Skill      XL: |  1  2 |
---------------+-------+-----
Fighting       | 2 3 |  3.0
Dodging        | 3 |  3.2
Unarmed Combat | |  3.0
Spellcasting   | |  2.0
Transmutations | |  2.1

Action                   || total
-------------------------++-------
Melee: Unarmed           ||    76
       Headbutt          ||     7
       Bite              ||     4
       Punch             ||     1
 Cast: Beastly Appendage ||    17
  Use: Scroll            ||     1
 Stab: Sleeping          ||     1
Armor: Skin              ||     3
Dodge: Dodged            ||    49
